 Seeded DCSS version 0.28-a0-1130-gc51a68064b (webtiles) character file.

Game seed: 20211212 (custom seed)

1158 flotson the Conjurer (level 7, -1/57 HPs)
             Began as a Demigod Conjurer on Dec 12, 2021.
             Slain by an ogre (31 damage)
             ... on level 5 of the Dungeon.
             The game lasted 00:18:12 (5721 turns).

flotson the Conjurer (Demigod Conjurer)             Turns: 5721, Time: 00:18:13

Health: -1/57      AC:  6    Str:  8    XL:     7   Next: 95%
Magic:  9/15       EV: 13    Int: 28    God:
Gold:   145        SH:  0    Dex: 12    Spells: 2/12 levels left

rFire   . . .      SeeInvis .   y - +2 long sword (distort)
rCold   + + .      Faith    .   (no shield)
rNeg    . . .      Spirit   .   z - +2 robe {rC+}
rPois   .          Reflect  .   (no helmet)
rElec   .          Harm     .   (no cloak)
rCorr   .          Rampage  .   r - +0 pair of gloves
Will    .....                   D - +0 pair of boots
Stlth   ++........              (no amulet)
HPRegen 0.19/turn               i - ring of protection from cold
MPRegen 0.14/turn               (no ring)

@: no status effects
A: high mp 1, forlorn, divine attributes
a: no special abilities


You were on level 5 of the Dungeon.
You visited 1 branch of the dungeon, and saw 5 of its levels.
You also visited: Sewer.

You collected 211 gold pieces.
You spent 66 gold pieces at shops.

Inventory:

Hand Weapons
 y - a +2 long sword of distortion (weapon)
Missiles
 a - 6 boomerangs of dispersal
 t - 7 poisoned darts
 x - 5 boomerangs
Armour
 r - a +0 pair of gloves (worn)
 z - a +2 robe of cold resistance (worn)
 D - a +0 pair of boots (worn)
Jewellery
 i - a ring of protection from cold (left hand)
Wands
 b - a wand of polymorph (6)
 g - a wand of iceblast (9)
 s - a wand of flame (23)
Scrolls
 c - 7 scrolls of identify {unknown}
 d - a scroll of acquirement {unknown}
 f - 2 scrolls of immolation {unknown}
 h - 3 scrolls of fog {unknown}
 j - 2 scrolls of noise {unknown}
 n - a scroll of amnesia {unknown}
 o - a scroll of enchant weapon {unknown}
 q - a scroll of fear {unknown}
 v - 2 scrolls of blinking {unknown}
 w - a scroll of torment {unknown}
 A - 2 scrolls of teleportation {unknown}
 B - a scroll of magic mapping {unknown}
 C - 2 scrolls of vulnerability {unknown}
Potions
 e - a potion of ambrosia {unknown}
 k - 3 potions of cancellation {unknown}
 l - 2 potions of brilliance {unknown}
 m - 2 potions of curing {unknown}
 p - a potion of mutation {unknown}
 u - a potion of heal wounds {unknown}
 E - a potion of magic {unknown}


   Skills:
 + Level 3.1 Fighting
 + Level 2.1 Long Blades
 - Level 0.2 Crossbows
 + Level 2.9 Throwing
 + Level 3.0 Armour
 + Level 3.8 Dodging
 - Level 1.7 Stealth
 + Level 3.4 Spellcasting
 + Level 4.9 Conjurations
 + Level 1.7 Evocations


You had 2 spell levels left.
You knew the following spells:

 Your Spells              Type           Power      Damage    Failure   Level
a - Magic Dart            Conj           100%       1d8       1%          1
b - Searing Ray           Conj           64%        2d6       1%          2
c - Dazzling Flash        Conj/Hex       36%        N/A       9%          3
d - Iskenderun's Mystic   Conj/Tloc      18%        2d6       28%         4

Your spell library contained the following spells:

 Spells                   Type           Power      Damage    Failure   Level
 Fulminant Prism          Conj/Hex       9%         3d7       28%         4
 Agony                    Necr           4%         N/A       91%         5
 Silence                  Hex/Air        2%         N/A       91%         5


Dungeon Overview and Level Annotations

Branches:
Dungeon (5/15)              Sewer (visited)
 Temple: D:4-7

Shops:
D:2 *   D:4 [


Innate Abilities, Weirdness & Mutations

You have an increased reservoir of magic. (+10% MP)
You shall have no god before yourself.
Your divine heritage dramatically boosts your attributes as you level up.


Message History

There is an open door here.
Done exploring.
Done exploring.
(D) Dungeon
Where to? (? - help)
There is an open door here.
There is a stone staircase leading down here.
You climb downwards.
There is a stone staircase leading up here.
You open the door.
Found a scimitar.
There is an open door here.
You see here a +0 scimitar.
There is an open door here.
E - a ruby potion You open the door.
Found a stone staircase leading down.
An ogre comes into view. It is wielding a +0 giant club.
The ogre shouts!
There is an open door here.
Casting: Searing Ray (safe; 1% risk of failure)
Confirm with . or Enter, or press ? or * to list all spells.
Casting: Dazzling Flash (dangerous; 9% risk of failure)
Press: ? - help, Dir - look around, f - activate
Casting: Dazzling Flash (dangerous; 9% risk of failure)
Confirm with . or Enter, or press ? or * to list all spells.
Casting: Dazzling Flash (dangerous; 9% risk of failure)
Press: ? - help, Dir - look around, f - activate The ogre is dazzled.
The ogre misses you.
You hit the ogre.
Space warps around the ogre.
The ogre is moderately wounded.
The ogre misses you.
You hit the ogre.
Space warps around the ogre.
The ogre is heavily wounded.
The ogre hits you with a +0 giant club!!
You barely miss the ogre.
The ogre is heavily wounded.
The ogre hits you with a +0 giant club!!
Ouch! That really hurt!
You die...

+## +##+ #..
#..# #.. #..#
+..+###+###+..+
#..#.......#..#
#.O#.......#).#
#@###+###'###
#...#.###.#
.#........#
>##..###.###
.###
####.####.#
.... ..#....#
.... ##.#.##.#
.....#..#..#.##
#............#


You could see an ogre (blind).

Vanquished Creatures
  Pikel (D:4)
  Sigmund (D:2)
  An ogre (D:4)
  2 kobold brigands (Sewer)
  2 scorpions (D:4)
  A hound (D:4)
  Ijyb (D:3)
  6 adders
  5 worms
  A dart slug (D:2)
  9 ball pythons
  2 bats (D:2)
  12 endoplasms
  4 giant cockroaches
  6 goblins
  5 hobgoblins
  2 jackals (D:4)
  9 kobolds
  A frilled lizard (D:1)
  8 rats
79 creatures vanquished.

Vanquished Creatures (others)
  A plant (D:1)
1 creature vanquished.

Grand Total: 80 creatures vanquished

Notes
Turn   | Place    | Note
-------+----------+-------------------------------------------
     0 | D:1      | flotson the Demigod Conjurer began the quest for the Orb.
     0 | D:1      | Reached XP level 1. HP: 14/14 MP: 5/5
   314 | D:1      | Reached XP level 2. HP: 22/22 MP: 5/7
   327 | D:1      | Learned a level 2 spell: Searing Ray
  1601 | D:2      | Reached XP level 3. HP: 27/27 MP: 8/8
  1740 | D:2      | Learned a level 3 spell: Dazzling Flash
  1756 | D:2      | Found Ruywnya's Assorted Antiques.
  1764 | D:2      | Bought a scroll labelled NAKOCEMENN for 23 gold pieces
  1764 | D:2      | Bought a cyan potion for 20 gold pieces
  1764 | D:2      | Bought a scroll labelled MEDGHI JIDIE for 23 gold pieces
  1805 | D:2      | Noticed Sigmund
  1861 | D:3      | Found a glowing drain.
  1872 | Sewer    | Entered a sewer
  1874 | Sewer    | Reached skill level 1 in Fighting
  2190 | Sewer    | Reached skill level 1 in Armour
  2780 | Sewer    | Noticed a kobold brigand
  2788 | Sewer    | Noticed a kobold brigand
  2795 | Sewer    | Killed a kobold brigand
  2796 | Sewer    | Reached skill level 1 in Throwing
  2796 | Sewer    | Reached skill level 4 in Conjurations
  2796 | Sewer    | Reached XP level 4. HP: 24/35 MP: 1/10
  2797 | Sewer    | Killed a kobold brigand
  2798 | Sewer    | Reached XP level 5. HP: 29/41 MP: 0/11
  3414 | D:3      | Noticed Ijyb
  3469 | D:3      | Killed Ijyb
  3878 | D:2      | Killed Sigmund
  3879 | D:2      | Reached XP level 6. HP: 10/48 MP: 1/13
  4370 | D:2      | Learned a level 4 spell: Iskenderun's Mystic Blast
  4623 | D:4      | Reached skill level 1 in Long Blades
  5025 | D:4      | Found Noblacau's Antique Armour Boutique.
  5369 | D:4      | Noticed Pikel
  5376 | D:4      | Killed Pikel
  5377 | D:4      | Reached skill level 1 in Evocations
  5377 | D:4      | Reached XP level 7. HP: 57/57 MP: 6/15
  5683 | D:5      | Entered Level 5 of the Dungeon
  5721 | D:5      | Slain by an ogre

Illustrated notes

Levels and vault maps discovered:
D:1:      saegor_arrival_simple_c, layout_loops_cross, serial_bayou_pond_e,
          minmay_split_cup_small
D:2:      layout_loops_ring, serial_shops, shop, minivault_27,
          grunt_ministairs_10, amcnicky_mini_pool_small, uniq_sigmund
D:3:      layout_basic, shapermc_ecumenical_altar_hornbeckon,
          cheibrodos_sewer_entry_bend, uniq_ijyb
D:4:      layout_gridville, serial_shops, shop, minmay_crossroads, uniq_pikel
D:5:      layout_gridville, grunt_temple_overflow_open,
          mainiacjoe_overflow_24_doors, temple_fountains, minivault_5,
          minmay_misc_feat_four_crosses, corexii_item_surrounded_by_moat,
          hangedman_abyss_or_decor_passed, chequers_serial_rivers_micro_e,
          chequers_arboretum

Skill      XL: |  1  2  3  4  5  6  7 |
---------------+----------------------+-----
Dodging        | 2 3 |  3.8
Spellcasting   | 2 3 |  3.4
Fighting       | 1 2 3 |  3.1
Armour         | 1 2 3 |  3.0
Throwing       | 1 2 |  2.9
Conjurations   | 4 |  4.9
Long Blades    | 1 2 |  2.1
Evocations     | 1 |  1.7
Crossbows      | |  0.2
Stealth        | |  1.7

Action                   |  1- 3 |  4- 6 |  7- 9 || total
-------------------------+-------+-------+-------++-------
Melee: Unarmed           |     1 |     3 |       ||     4
       Long sword        |       |    17 |     6 ||    23
 Fire: Hunting sling     |   132 |       |       ||   132
       Hand crossbow     |       |    16 |       ||    16
 Cast: Magic Dart        |    27 |    21 |       ||    48
       Searing Ray       |     7 |    12 |     4 ||    23
       Dazzling Flash    |       |     1 |     2 ||     3
Evoke: Wand              |       |     1 |       ||     1
 Stab: Sleeping          |       |     1 |       ||     1
Armor: Robe              |     9 |    11 |       ||    20
       Skin              |       |     2 |       ||     2
Dodge: Dodged            |    44 |    18 |     7 ||    69

Table legend: (Time is in decaauts)
 A = Elapsed time spent in this place.
 B = Non-inter-level travel time spent in this place.
 C = Inter-level travel time spent in this place.
 D = Time resting spent in this place.
 E = Time spent auto-exploring this place.
 F = Levels seen in this place.
 G = Mean time per level.
                   A        B        C        D        E       F      G
               +--------+--------+--------+--------+--------+-----+--------+
         Total |   5846 |   5693 |    153 |    498 |   4440 |   6 |  974.3 |
       Dungeon |   4582 |   4429 |    153 |      0 |   3817 |   5 |  916.4 |
         Sewer |   1264 |   1264 |      0 |    498 |    622 |   1 | 1264.0 |
               +--------+--------+--------+--------+--------+-----+--------+

Top non-repeatable levels by time:
     D:1: 1377 daAuts
   Sewer: 1264 daAuts
     D:4: 1261 daAuts
     D:2: 1085 daAuts
     D:3: 819 daAuts
     D:5: 38 daAuts
